Map: Ulrena

Players

Rin - Winner!

  • Race: Terran Terran
  • League: Diamond

LilDicky

  • Race: Terran Terran
  • League: Diamond

VOD

http://www.twitch.tv/tumescentpie

Description

Time

  • Played on: Nov. 24, 2015, 1:41 p.m.
  • Length: 24:19
Show
View Real Time Build Order
Export as new Build Order

Rin Terran - Winner!

Build Orders: Reaper Expand, MMM Bio 

Get SALT Encoding   

  12  0:01  SCV  
  13  0:13  SCV  
  14  0:20  Supply Depot  
  14  0:29  SCV  
  15  0:41  SCV  
  16  0:44  Barracks  
  16  0:46  Refinery  
  16  0:53  SCV  
  17  1:06  SCV  
  18  1:18  SCV  
  19  1:31  Reaper, Orbital Command  
  20  1:45  Command Center  
  20  1:53  Supply Depot  
  20  1:57  SCV  
  21  2:03  Barracks Reactor  
  21  2:09  SCV  
  22  2:21  SCV  
  23  2:29  Factory  
  23  2:33  SCV  
  24  2:39  Marine x2  
  24  2:43  Supply Depot  
  26  2:45  SCV  
  27  2:57  SCV, Marine x2  
  30  3:01  Barracks  
  30  3:02  Barracks  
  30  3:04  Orbital Command  
  30  3:09  SCV  
  31  3:18  Marine x2  
  31  3:19  Hellion  
  34  3:25  SCV  
  35  3:30  SCV  
  36  3:35  Engineering Bay  
  36  3:37  SCV  
  37  3:47  SCV  
  38  3:49  SCV  
  38  3:50  Marine x3  
  38  3:54  Marine  
  41  4:14  Barracks Reactor, Marine x2  
  41  4:15  Barracks Tech Lab  
  41  4:16  SCV x2  
  40  4:19  Missile Turret x2  
  40  4:20  Factory Tech Lab  
  40  4:25  Starport  
  40  4:27  Refinery  
  40  4:28  SCV  
  40  4:30  SCV  
  42  4:36  Stimpack  
  42  4:40  SCV  
  41  4:49  Marine x2  
  39  5:02  SCV x2  
  39  5:04  Viking  
  40  5:15  Marine x4  
  43  5:26  SCV  
  44  5:34  Marine x2  
  44  5:35  Marine  
  45  5:40  Marine x2  
  45  5:42  SCV  
  44  5:52  Marine x3  
  44  5:53  SCV  
  44  5:54  SCV  
  48  5:58  Marine x2  
  48  6:05  SCV  
  48  6:10  Marine x3  
  48  6:11  Siege Tank  
  52  6:15  Marine  
  52  6:16  Marauder  
  46  6:27  SCV  
  46  6:28  Marine x3  
  46  6:30  Orbital Command  
  50  6:33  Marine  
  50  6:37  Marine  
  45  6:43  SCV, Viking  
  45  6:45  Marine  
  45  6:46  Marine x2  
  51  6:51  Marine  
  45  6:55  Marine  
  45  7:03  Marine x2  
  45  7:04  Marine  
  44  7:09  Marine  
  44  7:11  SCV x2  
  44  7:13  Marine  
  45  7:16  Orbital Command  
  45  7:21  Marine x3  
  46  7:27  Siege Tank, Marine  
  45  7:30  Marine  
  46  7:39  Marine x3  
  49  7:44  SCV, Marine  
  49  7:45  SCV  
  49  7:47  Refinery  
  49  7:48  Refinery  
  49  7:49  Marauder  
  54  7:56  SCV  
  54  7:57  Marine x3  
  54  8:02  Supply Depot  
  54  8:03  Supply Depot, Starport Reactor  
  54  8:04  SCV, Marine  
  56  8:10  Marauder  
  58  8:14  SCV, Marine  
  58  8:15  Combat Shields, Marine x2  
  62  8:23  Marine  
  62  8:24  SCV  
  62  8:25  Supply Depot  
  62  8:26  SCV  
  65  8:27  Missile Turret  
  65  8:29  Siege Tank  
  65  8:31  Marine  
  69  8:35  Supply Depot  
  69  8:36  SCV  
  69  8:38  SCV  
  69  8:41  Medivac  
  73  8:44  Viking  
  73  8:48  Supply Depot, SCV  
  76  8:51  SCV  
  77  9:01  Marine x4  
  77  9:02  Marine  
  79  9:07  Missile Turret  
  79  9:09  Missile Turret  
  77  9:19  Marine x2  
  77  9:21  Marine  
  77  9:22  Siege Tank, Marine x2  
  77  9:23  Missile Turret  
  85  9:33  SCV  
  85  9:34  Engineering Bay  
  86  9:38  Marine  
  86  9:39  Marine x3  
  86  9:42  SCV  
  91  9:46  Medivac x2  
  91  9:51  Supply Depot  
  95  9:54  SCV  
  95  9:59  Marine x2  
  97  10:00  Marine x3  
  97  10:01  Terran Infantry Weapons Level 1  
  100  10:14  SCV  
  101  10:27  Command Center, Supply Depot  
  101  10:31  Missile Turret  
  100  10:42  Missile Turret  
  100  10:52  Marine x3  
  100  10:53  Marine x2  
  100  10:54  Command Center  
  100  10:55  Missile Turret  
  105  11:04  Armory  
  105  11:12  SCV x2  
  105  11:13  Marine  
  105  11:14  Marine x4  
  110  11:24  SCV  
  111  11:26  Missile Turret  
  111  11:31  Marine x3  
  113  11:40  SCV  
  114  11:49  Marine x3  
  114  11:53  Supply Depot  
  117  11:55  Supply Depot  
  117  12:00  Siege Tank  
  118  12:01  Supply Depot  
  118  12:08  Terran Infantry Armor Level 1  
  118  12:14  Marine x3  
  118  12:15  Marauder  
  123  12:28  Marine  
  124  12:32  SCV, Marine  
  72  13:07  Marine x2  
  72  13:08  Marine x3  
  72  13:10  SCV, Siege Tank  
  72  13:12  SCV, Medivac x2  
  81  13:14  Terran Infantry Weapons Level 2  
  83  13:22  Orbital Command  
  83  13:26  Marauder  
  85  13:28  Marine x4  
  89  13:42  Barracks  
  89  13:45  Marine  
  89  13:48  Marine x4  
  90  13:49  Siege Tank  
  90  13:50  SCV x2  
  98  13:56  SCV  
  99  14:03  Marine  
  99  14:05  SCV  
  99  14:08  Barracks  
  99  14:09  Marine x3  
  105  14:10  Terran Infantry Armor Level 2  
  105  14:11  SCV x2  
  105  14:13  Marine  
  105  14:14  Missile Turret  
  106  14:21  Marine  
  107  14:27  Marine x2  
  106  14:35  Barracks Reactor x2  
  106  14:36  Siege Tank  
  109  14:39  Marine  
  109  14:42  Medivac x2  
  109  14:44  Marine  
  109  14:45  Marauder  
  117  14:46  SCV x2  
  117  14:47  SCV  
  120  14:57  Barracks Tech Lab, Marine  
  121  15:02  Marine  
  121  15:07  Marauder  
  124  15:14  Command Center, Marine  
  124  15:15  Missile Turret  
  124  15:20  Marine  
  126  15:21  Missile Turret  
  126  15:28  Marauder  
  127  15:32  Marine  
  127  15:35  Marine x4  
  129  15:36  Marine  
  129  15:38  Marine  
  134  15:49  Marine  
  134  15:50  Sensor Tower, Marine  
  134  16:05  Marine x6  
  134  16:07  Thor, Marauder  
  134  16:08  Terran Vehicle Weapons Level 1  
  134  16:09  Terran Infantry Weapons Level 3  
  119  16:24  Marauder  
  119  16:25  Marine x4  
  121  16:29  Marauder  
  124  16:34  Marine x2  
  126  16:45  Marauder  
  125  16:50  Marauder  
  126  16:57  Marine x3  
  126  16:58  Marine x2  
  131  17:07  Marauder  
  133  17:08  Marine  
  133  17:11  Marauder  
  133  17:15  Marine x3  
  138  17:16  Orbital Command  
  138  17:22  Medivac x2  
  143  17:28  Marauder  
  145  17:33  Marauder  
  136  17:48  Marine x2  
  136  17:49  Marauder, Marine x4  
  136  17:50  Siege Tank  
  143  17:54  Marauder  
  145  17:59  Terran Infantry Armor Level 3  
  137  18:11  Marauder  
  122  18:15  Marauder  
  122  18:17  Command Center  
  122  18:18  Medivac x2  
  128  18:20  SCV  
  128  18:22  Siege Tank  
  132  18:34  SCV  
  132  18:35  Marine x5  
  132  18:36  Marauder  
  132  18:37  Marauder  
  142  18:54  Siege Tank  
  141  18:57  Marauder  
  141  18:58  Marine x3  
  141  18:59  Marauder, Marine x2  
  141  19:00  SCV  
  141  19:01  Medivac  
  141  19:02  Medivac  
  155  19:04  SCV  
  155  19:05  SCV x2  
  158  19:12  Marine  
  158  19:16  Marine x2  
  161  19:18  Marauder  
  161  19:20  Marauder  
  161  19:23  Marine x2  
  161  19:24  Marine  
  163  19:26  SCV, Siege Tank  
  163  19:27  SCV  
  168  19:31  Medivac  
  168  19:32  Medivac  
  172  19:40  Marauder  
  172  19:42  Marauder  
  176  19:56  Marine x2  
  176  19:57  Marine x4  
  176  19:58  Siege Tank  
  185  20:00  SCV  
  186  20:12  Barracks  
  186  20:13  Barracks  
  186  20:14  Marine  
  187  20:21  Marine x2  
  187  20:22  Viking x2, Marauder  
  187  20:24  Marine  
  187  20:27  Orbital Command  
  195  20:35  Marauder  
  194  21:02  Marauder x2  
  198  21:10  Viking x2  
  187  21:20  Command Center  
  187  21:22  Command Center  
  187  21:23  Marauder  
  187  21:24  Marauder  
  185  21:37  Refinery  
  185  21:39  Refinery  
  185  21:40  Viking x2  
  190  21:47  SCV  
  190  22:03  Refinery  
  190  22:04  Refinery  
  190  22:05  Starport  
  190  22:12  Refinery  
  190  22:13  Refinery  
  190  22:37  Viking x2  
  194  22:54  Starport Reactor  
  194  23:07  Viking x2  
  198  23:28  Viking  
  198  23:30  Orbital Command x2  
Show
View Real Time Build Order
Export as new Build Order

LilDicky Terran 

Build Orders:  

Get SALT Encoding   

  12  0:01  SCV  
  13  0:13  SCV  
  14  0:18  Supply Depot  
  14  0:25  SCV  
  15  0:30  Refinery  
  15  0:39  SCV  
  16  0:46  Barracks  
  16  0:51  SCV  
  17  1:04  SCV  
  18  1:16  SCV  
  19  1:28  SCV  
  20  1:33  Refinery  
  20  1:35  Supply Depot  
  20  1:36  Reaper  
  21  1:40  Orbital Command  
  21  2:02  Factory  
  21  2:06  SCV  
  21  2:08  Marine  
  23  2:23  SCV  
  23  2:27  Marine  
  25  2:35  SCV  
  26  2:44  Supply Depot  
  26  2:47  SCV, Factory Tech Lab, Starport, Marine  
  28  2:59  SCV  
  29  3:11  SCV  
  30  3:24  SCV  
  30  3:26  Siege Tank, Medivac  
  37  3:36  SCV  
  37  3:38  Command Center, Supply Depot  
  37  3:45  Barracks Reactor  
  33  4:15  Siege Tank, Starport Tech Lab  
  33  4:16  SCV  
  36  4:27  Marine x2  
  36  4:28  SCV  
  36  4:30  Command Center  
  39  4:32  Supply Depot  
  39  4:33  Command Center  
  39  4:40  SCV  
  40  4:59  Marine  
  41  5:00  Banshee  
  44  5:09  Siege Tank  
  47  5:20  Cloaking Field  
  47  5:37  SCV  
  47  5:40  Supply Depot  
  47  5:41  Siege Tank  
  51  5:43  Banshee  
  51  5:49  SCV  
  48  6:15  Siege Tank  
  47  6:28  SCV  
  48  6:41  Viking  
  48  6:47  Siege Tank  
  53  6:48  Orbital Command  
  53  6:49  SCV  
  53  6:50  Marine  
  52  6:55  Barracks  
  52  6:56  Barracks x2  
  49  7:05  Refinery  
  49  7:06  Refinery  
  46  7:19  Siege Tank  
  43  7:32  Marine x2  
  45  7:39  SCV  
  45  7:43  Banshee  
  49  7:50  Marine x2  
  52  7:51  Siege Tank  
  52  7:55  Orbital Command  
  52  7:57  SCV  
  52  7:58  SCV  
  51  8:00  Marine  
  53  8:06  Supply Depot  
  53  8:07  Supply Depot  
  53  8:10  SCV  
  53  8:12  Engineering Bay  
  54  8:14  SCV  
  54  8:15  Supply Depot  
  54  8:16  Supply Depot  
  54  8:17  Barracks Tech Lab  
  54  8:18  Barracks Tech Lab  
  54  8:19  Barracks Reactor, Marine  
  54  8:20  Marine  
  54  8:22  SCV  
  54  8:25  Banshee  
  60  8:30  SCV x2  
  60  8:34  SCV  
  63  8:37  Marine  
  64  8:52  Starport  
  64  9:01  Siege Tank  
  64  9:02  Marine x3  
  68  9:03  Marauder x2  
  74  9:18  Banshee  
  74  9:22  SCV  
  75  9:24  Marauder  
  75  9:25  Terran Infantry Weapons Level 1, Marauder  
  75  9:27  Command Center  
  75  9:28  SCV  
  82  9:33  Siege Tank  
  83  9:40  SCV  
  83  9:43  Missile Turret  
  84  9:47  Missile Turret x2  
  84  9:49  Medivac x2  
  88  9:55  Combat Shields  
  88  9:57  Barracks Reactor, Stimpack  
  88  9:58  Marine x2  
  90  10:01  Banshee  
  93  10:31  Viking x2  
  96  10:38  SCV  
  96  10:39  SCV x2  
  96  10:41  Planetary Fortress  
  99  10:50  SCV  
  99  10:51  SCV  
  99  10:53  SCV  
  102  11:01  Viking  
  102  11:03  SCV  
  107  11:05  Banshee  
  107  11:06  Corvid Reactor  
  107  11:07  SCV  
  107  11:09  Marine  
  107  11:10  Marine x5  
  115  11:11  Armory  
  115  11:12  Armory  
  115  11:27  Marine x2  
  116  11:33  Siege Tank  
  114  11:48  Viking x2  
  114  11:49  Viking  
  117  12:04  Marine  
  117  12:05  Marine x5  
  107  12:09  Refinery  
  107  12:11  Refinery  
  107  12:12  Starport  
  107  12:14  Starport  
  107  12:18  Viking x2  
  107  12:22  Refinery, Marine x3  
  112  12:23  Refinery, Marine x3  
  112  12:28  SCV x2  
  119  12:31  Banshee  
  122  12:40  Marine x4  
  122  12:41  Marauder x2  
  122  12:43  Terran Vehicle And Ship Armor Level 1  
  130  12:48  Medivac x2  
  134  12:58  Marine x2  
  122  13:02  Marauder  
  114  13:06  SCV x2  
  116  13:21  Command Center  
  116  13:32  Starport Tech Lab  
  116  13:36  Terran Ship Weapons Level 1  
  116  13:38  Fusion Core  
  116  13:41  Terran Infantry Weapons Level 2, Starport Tech Lab  
  116  13:45  Marine x2  
  116  13:46  Marine x2  
  116  13:47  Refinery, Marauder x2  
  116  13:48  Banshee  
  124  13:50  Command Center  
  124  13:52  Refinery  
  124  14:08  Marauder x2  
  128  14:20  Marine x3  
  128  14:21  Liberator x3  
  131  14:28  Marine  
  131  14:29  Behemoth Reactor, Marauder x2  
  123  14:32  Hyperflight Rotors  
  123  14:36  Advanced Ballistics  
  123  14:38  Marine  
  124  14:39  Banshee x2  
  124  14:43  Orbital Command  
  124  14:44  Refinery  
  139  14:51  Marauder x2  
  143  15:01  SCV x4, Sensor Tower  
  143  15:06  Planetary Fortress  
  147  15:08  Marine x2  
  147  15:09  Missile Turret  
  147  15:12  Marauder x2  
  147  15:13  SCV  
  154  15:14  Marine  
  148  16:05  Siege Tank  
  99  16:23  Marine x2  
  99  16:24  Marine x4  
  70  16:28  Battlecruiser  
  88  16:34  SCV  
  88  16:41  Marine x3  
  88  16:46  SCV  
  81  16:58  SCV  
  64  17:10  SCV  
  57  17:21  Marine x2  
  57  17:22  SCV, Marine x2  
  62  17:27  Barracks  
  62  17:28  Barracks  
  62  17:29  Barracks  
  56  17:30  Barracks  
  56  17:31  Barracks  
  55  17:39  Marine x3  
  53  17:49  Barracks  
  52  17:52  Barracks  
  52  17:57  Marine x3  
  55  18:00  Supply Depot  
  55  18:02  Supply Depot  
  55  18:03  Supply Depot  
  53  18:15  Marine x2  
  47  18:31  Barracks  
  47  18:35  Barracks  
  47  18:36  Barracks x2  
  47  18:39  Barracks x2  
  47  18:40  Barracks  
  45  18:41  Barracks  
  45  18:42  Factory  
  45  18:43  Barracks  
  45  18:48  Barracks Tech Lab x2, Marine x2  
  38  19:06  Marine x2  
  40  19:15  Supply Depot  
  40  19:17  Supply Depot  
  40  19:20  Supply Depot  
  40  19:21  Supply Depot x2  
  40  19:22  Supply Depot x2  
  40  19:23  Supply Depot x2  
  33  19:24  Supply Depot, Marine x2  
  33  19:25  Supply Depot  
  35  19:33  Marine  
  37  19:39  Barracks Tech Lab x3  
  37  19:41  Barracks Tech Lab  
  34  19:49  Starport  
  34  19:51  Starport x2  
  34  19:52  Starport  
  32  19:53  Armory  
  32  19:54  Armory  
  23  20:30  Starport Tech Lab x2  
  23  20:31  Starport Tech Lab x2  
  23  20:34  Fusion Core  
  19  20:41  Terran Ship Weapons Level 2, Terran Vehicle And Ship Armor Level 2  
  19  20:52  Command Center  
  19  20:53  Engineering Bay  
  18  21:11  Orbital Command  
  18  21:30  Hellion  
  20  21:36  Battlecruiser x3  
  38  21:43  SCV  
  39  21:57  Hellion  
  41  22:05  SCV  
  42  22:12  Battlecruiser  
  48  22:19  Weapon Refit  
  46  23:01  Orbital Command  
  42  23:34  Missile Turret  
  42  23:37  SCV  
Tags
 
Add a new tag
Caveats
  • Supply blocks, unpowered buildings, or Contaminate may cause inaccurate times.
  • Supply counts are checked every 10 seconds.